 BcadrenCrawl: Boulder Brew version 0.04.21-209-g19e16bb646 (webtiles) character file.

Game seed: 13490075800065211609, levelgen mode: deterministic

295 st0uf the Ruffian (level 6, -3/50 HPs) Immature Draconian Demonspawn. Began on May 25, 2021. Slain by a sewer rat (4 damage) ... on level 2 of the Dungeon. The game lasted 00:07:24 (1787 turns).

st0uf the Ruffian (Immature Draconian Demonspawn)   Turns: 1787, Time: 00:07:25

Health: -3/50      AC: 10    Str: 18    XL:     6 ^: 311
Magic:  10/10      EV: -1    Int: 12    God:
Gold:   111        SH:  0    Dex: 11    Spells: 9/10 levels left

rFire    . . .     Vision   .     - Unarmed
rCold    . . .     Gourm    .     - Unarmed
rNeg     . . .     Faith    .   a - +0 leather armour
rPois    .         Spirit   .   d - +0 hat
rElec    .         Reflect  .   (no cloak)
rCorr    .         Harm     .   (no gloves)
MR       .....                  (no boots)
Stlth    ..........             (no amulet)
HPRegen  0.26/turn              (no ring)
MPRegen  0.20/turn              (no ring)

@: no status effects
A: demonic guardian 1, foul stench 1, cold-blooded, rot immunity, AC +7
a: Breathe Dart


You were on level 2 of the Dungeon.
You were not hungry.

You visited 1 branch of the dungeon, and saw 2 of its levels.

You collected 111 gold pieces.

Inventory:

Shields
 g - a +0 heater shield
Armour
 a - a +0 leather armour (worn)
 d - a +0 hat (worn)
Scrolls
 e - 3 scrolls of enchantment
 h - a scroll of fog
 i - a scroll of amnesia
 j - a scroll of fear
Potions
 f - a potion of curing
Miscellaneous
 b - a lightning rod (4/4)
Comestibles
 c - 4 rations


   Skills:
 * Level 2.7 Fighting
 + Level 3.3 Dodging
 + Level 1.5 Stealth
 + Level 3.8 Unarmed Combat
 * Level 2.9 Spellcasting
 - Level 1.5 Fire Magic
   Level 3.0 Invocations


You had 9 spell levels left.
You knew the following spells:

 Your Spells              Type           Power        Failure   Level  Hunger
a - Flame Tongue          Fire           5 (30)       100%        1    #......

Your spell library contained the following spells:

 Spells                   Type           Power        Failure   Level  Hunger
 Blink                    Tloc           N/A          100%        2    ###....
 Call Imp                 Summ           1 (100)      100%        2    ###....
 Slow                     Hex            1 (100)      100%        2    ###....
 Conjure Flame            Fire           5 (100)      100%        3    ###....
 Mephitic Cloud           Pois/Air       1 (100)      100%        3    ###....


Dungeon Overview and Level Annotations

Branches:
Dungeon (2/8)

Altars:


Innate Abilities, Weirdness & Mutations

Your plain brown scales are resilient. (AC +7)
You can breathe rudimentary magical darts.
A weak demonic guardian rushes to your aid.
You may emit foul miasma when damaged in melee.
You are cold-blooded and are slowed more easily by cold attacks.
You are immune to rotting.


Message History

The sewer rat is moderately wounded. (7/11) HP The sewer rat bites you (3).
* * * LOW HITPOINT WARNING * * *
Unknown command.
You closely miss the sewer rat. You punch the sewer rat (8)!
You kill the sewer rat!
The sewer rat bites you but does no damage.
Your shadow imp misses the sewer rat (0).
The sewer rat bites you (3).
* * * LOW HITPOINT WARNING * * *
Unknown command.
You closely miss the sewer rat. x2
Your ufetubus closely misses the sewer rat (0). x2
Unknown command.
You hit the sewer rat but do no damage. You punch the sewer rat (7)!
The sewer rat is severely wounded. (4/11) HP The sewer rat bites you (3).
* * * LOW HITPOINT WARNING * * *
The sewer rat bites you (4).
You die...

..≈≈≈P≈# ..≈≈≈≈≈#
#≈≈≈≈PP# #≈≈≈≈≈P#
#≈≈≈≈≈≈# # ###
####.≈≈≈≈.#≈# ##≈#####
#≈≈#r5≈≈...≈ #.≈...≈#
####.≈#@r≈≈≈≈#
#......###≈...##≈r;≈≈≈#
≈..≈#..≈#≈....##5≈≈≈≈≈#
≈#.≈#≈.###≈.≈.##≈≈≈≈≈≈#
##≈b#####≈#≈.###÷≈≈≈≈≈#
≈##≈≈.÷†.###.#≈<≈≈≈≈≈≈#
≈###....≈≈##≈.†#†≈...≈#
≈≈.≈.≈.####≈....≈..≈≈.#
≈###.###..##≈.##.≈≈≈≈≈#


You could see 3 submerged sewer rats, a neutral submerged slimehead (wandering)
(passive), a friendly shadow imp (invisible) and a friendly ufetubus.

Vanquished Creatures
  6 giant cockroaches
  12 sewer rats
  3 cinder newts (D:1)
  An ooze (D:2)
  2 dart slugs (D:1)
  5 leopard geckos
  An adder skeleton (D:2)
  2 ball pythons
  3 goblins (D:1)
  6 hobgoblins (D:1)
  7 kobolds (D:1)
  8 bats
  A kobold skeleton (D:2)
  2 rats (D:1)
59 creatures vanquished.

Vanquished Creatures (collateral kills)
  4 sewer rats
4 creatures vanquished.

Vanquished Creatures (others)
  An adder (D:2)
  A sewer rat (D:2)
  79 withered plants (D:2)
81 creatures vanquished.

Grand Total: 144 creatures vanquished

Notes
Turn   | Place    | Note
-------+----------+-------------------------------------------
     0 | D:1      | st0uf the Immature Draconian Demonspawn began the quest for
                  | the Orb.
     0 | D:1      | Reached XP level 1. HP: 16/16 MP: 3/3
   346 | D:1      | Gained mutation: You are immune to rotting. [demonic
                  | ancestry]
   346 | D:1      | Reached XP level 2. HP: 19/23 MP: 4/4
   423 | D:1      | Reached XP level 3. HP: 27/29 MP: 4/6
   654 | D:1      | Reached XP level 4. HP: 23/36 MP: 7/7
  1051 | D:1      | Gained mutation: A weak demonic guardian rushes to your
                  | aid. [demonic ancestry]
  1051 | D:1      | Reached XP level 5. HP: 41/41 MP: 8/8
  1745 | D:2      | Gained mutation: You may emit foul miasma when damaged in
                  | melee. [demonic ancestry]
  1745 | D:2      | Reached XP level 6. HP: 50/50 MP: 10/10
  1787 | D:2      | HP: 1/50 [sewer rat (3)]
  1787 | D:2      | Slain by a sewer rat

Levels and vault maps discovered:
D:1:      dpeg_arrival_simpleton_a, layout_basic, minmay_mini_jars
D:2:      layout_sewer, kennysheep_little_box, basic_altar, serial_shops,
          nicolae_shop_behind_doors, shop, nicolae_shop_crystal, serial_glass,
          glass_columns_a, glass_columns_b, first_ration, minivault_23

Skill      XL: |  1  2  3  4  5 |
---------------+----------------+-----
Unarmed Combat | 2 3 |  3.8
Spellcasting   | 2 |  2.9
Fighting       | 2 |  2.7
Dodging        | 3 |  3.3
Stealth        | |  1.5
Fire Magic     | |  1.5
Invocations    | |  3.0

Action                   |  1- 3 |  4- 6 || total
-------------------------+-------+-------++-------
Melee: Unarmed           |   263 |   443 ||   706
       Tailslap          |     1 |     7 ||     8
  Eat: Chunk             |       |     4 ||     4
Armor: Leather armour    |   103 |   165 ||   268
